 Dungeon Crawl Stone Soup version 0.19-a0-1786-g230130f (webtiles) character file.

111 kae the Slasher (level 4, -2/29 HPs)
             Began as a High Elf Skald on Oct 3, 2016.
             Killed from afar by an orc wizard (6 damage)
             ... with a magic dart
             ... on level 3 of the Dungeon.
             The game lasted 00:02:50 (1630 turns).

kae the Slasher (High Elf Skald)                    Turns: 1630, Time: 00:02:51

Health: -2/29      AC:  4    Str: 12    XL:     4   Next: 62%
Magic:  1/8        EV: 11    Int: 15    God:
Gold:   94         SH:  0    Dex: 15    Spells: 1 memorised, 6 levels left

rFire  + . .     SeeInvis .     a - +1 falchion
rCold  + . .     Gourm    .     b - +1 leather armour
rNeg   . . .     Faith    .     (no shield)
rPois  +         Spirit   .     (no helmet)
rElec  +         Dismiss  .     (no cloak)
rCorr  +         Reflect  .     (no gloves)
MR     .....     Harm     .     (no boots)
Stlth  +......... Rnd*Tele +    (no amulet)
                                (no ring)
                                j - ring of teleportation (curse)

@: resistant, infused, flying
A: no striking features
a: no special abilities


You were on level 3 of the Dungeon.
You were hungry.

You visited 1 branch of the dungeon, and saw 3 of its levels.

You collected 94 gold pieces.

Inventory:

Hand Weapons
 a - a +1 falchion (weapon)
Armour
 b - a +1 leather armour (worn)
Jewellery
 j - a cursed ring of teleportation (left hand)
Scrolls
 p - a scroll of noise
Potions
 i - a potion of resistance
 k - 3 potions of mutation
Books
 c - a book of Battle

   Spells                             Type                      Level
   a - Infusion                       Charms                       1
   b - Shroud of Golubria             Charms/Translocation         2
   c - Song of Slaying                Charms                       2
   d - Spectral Weapon                Hexes/Charms                 3
   e - Regeneration                   Charms/Necromancy            3
Comestibles
 d - 2 bread rations
 f - a beef jerky
 m - a slice of pizza


   Skills:
 - Level 2.0 Fighting
 + Level 5.9 Long Blades
 - Level 0.8 Armour
 - Level 1.1 Dodging
 - Level 2.4 Spellcasting
 - Level 3.6 Charms


You had 6 spell levels left.
You knew the following spells:

 Your Spells              Type           Power        Failure   Level  Hunger
a - Infusion              Chrm           ##..         8%          1    #......


Dungeon Overview and Level Annotations

Branches:
Dungeon (3/15)

Altars:
Makhleb


Message History

You see here a dagger.
The orc misses you.
The orc wizard mumbles some strange words.
The orc wizard blinks!
You closely miss the orc.
The orc wizard gestures at you while chanting.
The puff of flame hits you! You resist. The orc hits you with a club.
* * * LOW HITPOINT WARNING * * *
You hit the orc.
The orc is heavily wounded.
The orc misses you. The orc wizard barely misses you.
Unknown command.
You hit the orc.
You kill the orc!
The orc wizard hits you but does no damage.
You closely miss the orc wizard. The orc wizard hits you with a dagger.
* * * LOW HITPOINT WARNING * * *
The orc wizard gestures at you while chanting.
The magic dart hits you!
You die...

*,,** *,* *,,**,,,,,,,,,,,,,*,,*
**,,***,***,**#.,..,,,,,,,,,,,,**
**,,**,*,,,,,,.,.#**,,,,***,,,,*
**,,,,*,,,***.,.#**,,,,* *,,,,,
*,,,,,,,**,,.#.##,,,,,* *,,,,,
*,,,,,,*,,,##...,,,,,,* *,*,,,
#.....,*,*,,.go***,,,,* *,*,,,
*.....##,,,*#o#* *,,,,* *,*,,,
*.......,,**#@# ****** *,*,,,
**,o...g.,,* #o# *,****
*,,,....#*** #g# *,*
***,*,*#.o######o## *,*
,,<,,,##...##...!.# *,*
,,,,**#...)##.....# *,* ,****
#...([†.....# **,* **
#...###.....# *,,* #.)..,#.....#*
**>**


You could see 2 orc wizards, 2 orcs, a hobgoblin and a goblin.

Vanquished Creatures
  4 adders
  An ooze (D:2)
  A worm (D:2)
  4 dart slugs
  5 orcs (D:3)
  A ball python (D:1)
  4 giant cockroaches
  3 goblins (D:1)
  8 hobgoblins
  A quokka (D:2)
  6 bats
  3 frilled lizards
  5 kobolds
  9 rats
55 creatures vanquished.

Notes
Turn   | Place    | Note
-------+----------+-------------------------------------------
     0 | D:1      | kae the High Elf Skald began the quest for the Orb.
     0 | D:1      | Reached XP level 1. HP: 14/14 MP: 4/4
    96 | D:1      | Reached skill level 3 in Long Blades
   276 | D:1      | Reached XP level 2. HP: 16/19 MP: 3/6
   528 | D:1      | Reached skill level 4 in Long Blades
   575 | D:2      | Reached XP level 3. HP: 22/24 MP: 1/7
   660 | D:2      | Found a faded altar of an unknown god.
   934 | D:2      | Reached skill level 5 in Long Blades
  1081 | D:2      | Reached XP level 4. HP: 27/29 MP: 8/8
  1408 | D:2      | Found a burning altar of Makhleb.
  1630 | D:3      | Killed from afar by an orc wizard

Vault maps used:
D:1:      dpeg_arrival_concentric_ovals
D:2:      minmay_door_path, marbit_many_paths, ecumenical_altar_1

Skill      XL: |  1  2  3 |
---------------+----------+-----
Long Blades    | 3 4 5 |  5.9
Fighting       | |  2.0
Armour         | |  0.8
Dodging        | |  1.1
Spellcasting   | |  2.4
Charms         | |  3.6

Action                   |  1- 3 |  4- 6 || total
-------------------------+-------+-------++-------
Melee: Falchion          |    65 |    61 ||   126
 Cast: Infusion          |    12 |     5 ||    17
  Use: Scroll            |       |     7 ||     7
       Potion            |       |     2 ||     2
  Eat: Chunk             |     1 |     1 ||     2
Armor: Leather armour    |    16 |    16 ||    32
Dodge: Dodged            |    48 |    35 ||    83
       Rpst.: Falchion   |    13 |    12 ||    25
